 Dungeon Crawl Stone Soup version 0.27.0-1-g7a089689b8 (webtiles) character file.

Game seed: 11401938492843904213

7041 hilljack the Cleaver (level 10, -6/94 HPs)
             Began as a Minotaur Gladiator on Aug 10, 2021.
             Was a Priest of Ashenzari.
             Splashed by an acid dragon's acid (11 damage)
             ... on level 10 of the Dungeon.
             The game lasted 00:15:58 (9086 turns).

hilljack the Cleaver (Minotaur Gladiator)           Turns: 9086, Time: 00:15:59

Health: -6/94      AC:  5    Str: 32    XL:     10   Next: 83%
Magic:  9/9        EV: 16    Int:  5    God:    Ashenzari [***...]
Gold:   282        SH: 18    Dex: 18    Spells: 9/9 levels left

rFire    . . .     SeeInvis +   a - +0 war axe (protect)
rCold    + . .     Faith    .   k - +0 kite shield
rNeg     + + .     Spirit   .   D - +0 scale mail of Ashenzari's Prison {Fly rN++ Will-, Range, Alch} (curse)
rPois    .         Reflect  +   c - +1 hat "Chained Water Diviner" {Range, Bglg} (curse)
rElec    +         Harm     .   (no cloak)
rCorr    .         Rampage  .   E - +2 pair of gloves of the Unveiling Secrets {rElec Will- Str+4, Cun, Self} (curse)
Will     .....     Clarity  +   y - +0 pair of boots
Stlth    ..........             b - amulet of Supernal Knowledge {Reflect rElec rC+ Str+3 Dex+3 SH+5, Fort, Comp} (curse)
HPRegen  0.25/turn              g - ring "Restrained Skepticism" {Str+6, Bglg, Elem} (curse)
MPRegen  0.11/turn              (no ring)

@: corroded, under a protective aura, flying, very slightly contaminated,
hasted, invisible, very quick
A: horns 2, retaliatory headbutt
a: Renounce Religion, Shatter the Chains


You were on level 10 of the Dungeon.
You worshipped Ashenzari.
Ashenzari was most pleased with you.
You visited 2 branches of the dungeon, and saw 11 of its levels.

You collected 612 gold pieces.
You spent 330 gold pieces at shops.

Inventory:

Hand Weapons
 a - a +0 war axe of protection (weapon)
Missiles
 d - 2 throwing nets (quivered)
 i - 34 poisoned darts
Armour
 c - the cursed +1 hat "Chained Water Diviner" (worn) {Range, Bglg}

   It has a curse which improves the following skills: Ranged Combat: Slings,
   Bows, Crossbows and Throwing.
   Beguiling: Conjurations, Hexes and Translocations.
 h - a +0 scale mail
 j - a +0 pair of gloves
 k - a +0 kite shield (worn)
 y - a +0 pair of boots (worn)
 D - the cursed +0 scale mail of Ashenzari's Prison (worn) {Fly rN++ Will-, Range, Alch}
   (You took it off an orc priest on level 9 of the Dungeon)

   rN:        It greatly protects you from negative energy.
   Fly:       It grants you flight.
   Will:      It decreases your willpower.
   It has a curse which improves the following skills: Ranged Combat: Slings,
   Bows, Crossbows and Throwing.
   Alchemy:   Poison Magic and Transmutations.
 E - the cursed +2 pair of gloves of the Unveiling Secrets (worn) {rElec Will- Str+4, Cun, Self}
   (You bought it in a shop on level 5 of the Dungeon)

   Str:       It affects your strength (+4).
   rElec:     It insulates you from electricity.
   Will:      It decreases your willpower.
   It has a curse which improves the following skills: Cunning: Dodging and
   Stealth.
   Introspection: Fighting and Spellcasting.
Jewellery
 b - the cursed amulet of Supernal Knowledge (around neck) {Reflect rElec rC+ Str+3 Dex+3 SH+5, Fort, Comp}
   (You acquired it on level 1 of the Dungeon)

   [amulet of reflection]

   It reflects blocked missile attacks.
   Str:       It affects your strength (+3).
   Dex:       It affects your dexterity (+3).
   rC:        It protects you from cold.
   rElec:     It insulates you from electricity.
   SH:        It affects your SH (+5).
   It has a curse which improves the following skills: Fortitude: Armour and
   Shields.
   Companions: Summonings and Necromancy.
 g - the cursed ring "Restrained Skepticism" (left hand) {Str+6, Bglg, Elem}
   (You found it on level 1 of the Dungeon)

   [ring of strength]

   Str:       It affects your strength (+6).
   It has a curse which improves the following skills: Beguiling: Conjurations,
   Hexes and Translocations.
   Elements:  Fire Magic, Ice Magic, Air Magic and Earth Magic.
 p - a ring of protection from fire
 v - a ring of protection from cold
 G - a ring of magical power
Wands
 m - a wand of iceblast (20)
Scrolls
 e - a scroll of magic mapping
 l - a scroll of silence
 x - 2 scrolls of teleportation
 z - a scroll of amnesia
 A - a scroll of enchant armour
 B - a scroll of fog
 C - a scroll of holy word
Potions
 f - 3 potions of curing
 n - a potion of might
 o - 2 potions of magic
 r - a potion of haste
 s - a potion of flight
 w - 2 potions of resistance
 F - a potion of attraction


   Skills:
 + Level 8.6(10.5) Fighting
 + Level 9.0 Axes
 + Level 7.2(10.2) Throwing
 + Level 7.8(9.7) Armour
 + Level 8.4(10.3) Dodging
 + Level 8.0(9.9) Shields


You had 9 spell levels left.
You didn't know any spells.
Your spell library contained the following spells:

 Spells                   Type           Power      Damage    Failure   Level
 Pain                     Necr           0%         1d4       86%         1
 Call Canine Familiar     Summ           0%         N/A       99%         3
 Portal Projectile        Hex/Tloc       0%         N/A       99%         3
 Stone Arrow              Conj/Erth      0%         3d7       99%         3
 Animate Armour           Summ/Erth      0%         N/A       100%        4
 Leda's Liquefaction      Hex/Erth       0%         N/A       100%        4
 Petrify                  Tmut/Erth      0%         N/A       100%        4
 Agony                    Necr           0%         N/A       100%        5
 Excruciating Wounds      Necr           0%         N/A       100%        5
 Metabolic Englaciation   Hex/Ice        0%         N/A       100%        5
 Statue Form              Tmut/Erth      0%         N/A       100%        6
 Lehudib's Crystal Spear  Conj/Erth      0%         10d2      100%        8


Dungeon Overview and Level Annotations

Branches:
Dungeon (10/15)            Temple (1/1) D:6            Lair (0/6) D:8
    Orc (0/2) D:10

Altars:
Ashenzari
Cheibriados
Dithmenos
Elyvilon
Fedhas
Gozag
Hepliaklqana
Kikubaaqudgha
Makhleb
Nemelex Xobeh
Okawaru
Qazlal
Ru
Sif Muna
Trog
Uskayaw
Vehumet
Wu Jian
Zin
The Shining One
Beogh

Shops:
D:5 (*

Annotations:
D:8 2 transporters
D:10 Maurice


Innate Abilities, Weirdness & Mutations

You have a pair of horns on your head.
You reflexively headbutt those who attack you in melee.


Message History

You block the acid dragon's attack. x2; You block Maurice's attack.
The acid dragon bites you. The acid dragon completely misses you.
You slash Maurice! You headbutt Maurice, but do no damage.
Maurice is lightly wounded.
You catch the helpless acid dragon completely off-guard!
You slash the acid dragon! You block Maurice's attack.
The acid dragon bites you but does no damage.
You block the acid dragon's attack.
You barely miss Maurice.
Maurice is lightly wounded.
You hit the acid dragon but do no damage.
Maurice misses you. The acid dragon spits acid at you.
The splash of acid misses you.
You slash Maurice!
Maurice is heavily wounded.
You catch the helpless acid dragon completely off-guard!
You hit the acid dragon but do no damage.
Maurice completely misses you. You furiously retaliate!
You headbutt Maurice! The acid dragon closely misses you.
You block the acid dragon's attack.
You hit Maurice. You headbutt Maurice!
Maurice is almost dead.
You hit the acid dragon but do no damage.
Maurice zaps a wand.
The bolt of acid hits you!
* * * LOW HITPOINT WARNING * * *
The acid corrodes you!
You are splashed with acid.
* * * LOW HITPOINT WARNING * * *
The now-empty wand crumbles to dust.
You block the acid dragon's attack.
The acid dragon claws you but does no damage.
You barely miss Maurice. You headbutt Maurice, but do no damage.
Maurice is almost dead.
You hit the acid dragon but do no damage.
You block Maurice's attack. You block the acid dragon's attack. x2
Maurice barely misses you. You furiously retaliate!
You headbutt Maurice.
You feel yourself speed up. The acid dragon spits acid at you.
The splash of acid hits you!
* * * LOW HITPOINT WARNING * * *
The acid corrodes you!
You are splashed with acid!
You die...

* *
...............#
...............#
*
..........#####
* *#.>......# ,
#........# , ,
######........#
,,
*#.............#
#.....@.......#
#.....@.#######
* #....D..# ,
#(......# **
#........ , *
#.........,
#.......... ,,
#.....##+##. *
##.#..* , .. ,


You could see Maurice and an acid dragon (catching breath).

Vanquished Creatures
  Pikel (D:3)
  An ugly thing (D:8)
  2 kobold demonologists (D:10)
  A troll (D:10)
  2 shadows (D:10)
  A wraith (D:10)
  2 wyverns (D:9)
  3 yaks (D:6)
  A steam dragon (D:7)
  2 two-headed ogre zombies (D:10)
  5 water moccasins
  4 orc warriors (D:9)
  4 sky beasts
  3 black bears (D:8)
  A necrophage (D:3)
  2 ogres
  A centaur (D:7)
  2 kobold brigands (D:10)
  4 scorpions
  4 killer bees (D:8)
  3 wights (D:8)
  2 vampire bats (D:4)
  2 electric eels (D:8)
  4 centaur zombies
  3 jellies
  7 orc priests
  A bullfrog skeleton (D:6)
  2 hounds
  A centaur skeleton (D:5)
  Jessica (D:2)
  2 orc wizards
  A killer bee zombie (D:9)
  6 ogre zombies (D:10)
  A hound skeleton (D:5)
  3 howler monkey zombies
  8 adders
  A shadow imp (D:7)
  3 white imps
  A worm (D:5)
  3 dart slugs
  16 orcs
  3 bats
  A bat skeleton (D:4)
  5 bat zombies (D:4)
  7 endoplasms
  A giant cockroach (D:1)
  4 goblins
  6 hobgoblins
  22 jackals
  10 kobolds
  8 quokkas
  8 ball pythons
  3 frilled lizards
  2 goblin skeletons (D:10)
  3 goblin zombies (D:10)
  3 hobgoblin skeletons (D:10)
  A hobgoblin zombie (D:10)
  14 orc zombies (D:10)
  6 rats
224 creatures vanquished.

Vanquished Creatures (others)
  A plant (D:8)
1 creature vanquished.

Grand Total: 225 creatures vanquished

Notes
Turn   | Place    | Note
-------+----------+-------------------------------------------
     0 | D:1      | hilljack the Minotaur Gladiator began the quest for the
                  | Orb.
     0 | D:1      | Reached XP level 1. HP: 18/18 MP: 0/0
   231 | D:1      | Reached XP level 2. HP: 22/25 MP: 1/1
   298 | D:1      | Identified a scroll of acquirement
   298 | D:1      | Acquired the amulet "Dokefues" {Reflect rElec rC+ Str+3
                  | Dex+3 SH+5}
   307 | D:1      | Found a faded altar of an unknown god.
  1007 | D:2      | Reached XP level 3. HP: 31/31 MP: 2/2
  1018 | D:2      | Reached skill level 4 in Axes
  1172 | D:2      | Reached skill level 1 in Shields
  1539 | D:2      | Reached skill level 1 in Armour
  1558 | D:2      | Noticed Jessica
  1562 | D:2      | Killed Jessica
  1563 | D:2      | Reached XP level 4. HP: 38/38 MP: 3/3
  2261 | D:3      | Found a broken altar of Ashenzari.
  2370 | D:3      | Became a worshipper of Ashenzari the Shackled
  2408 | D:3      | Reached XP level 5. HP: 45/45 MP: 4/4
  2470 | D:3      | Noticed a necrophage
  2476 | D:3      | Killed a necrophage
  2597 | D:4      | Noticed an ogre
  2604 | D:4      | Killed an ogre
  2605 | D:4      | Reached XP level 6. HP: 31/52 MP: 5/5
  2841 | D:4      | Found a shimmering blue altar of Sif Muna.
  3170 | D:4      | Found an ancient bone altar of Kikubaaqudgha.
  3181 | D:4      | Reached skill level 5 in Axes
  3411 | D:4      | Noticed a sky beast
  3420 | D:4      | Killed a sky beast
  3421 | D:4      | Reached XP level 7. HP: 57/60 MP: 6/6
  3458 | D:4      | Found a glowing silver altar of Zin.
  3572 | D:4      | Noticed Pikel
  3605 | D:3      | Killed Pikel
  3606 | D:3      | Reached skill level 5 in Fighting
  3606 | D:3      | Reached skill level 5 in Dodging
  3865 | D:5      | Entered Level 5 of the Dungeon
  3958 | D:5      | Reached XP level 8. HP: 68/68 MP: 7/7
  4105 | D:5      | Found Keocyl's Assorted Antiques.
  4113 | D:5      | Bought a scroll labelled ZITEKHL ZISM for 29 gold pieces
  4164 | D:5      | Reached * piety under Ashenzari
  4305 | D:5      | Found Nont's Weapon Emporium.
  4344 | D:5      | Reached skill level 6 in Axes
  4550 | D:5      | Found a sacrificial altar of Ru.
  5040 | D:6      | Found a staircase to the Ecumenical Temple.
  5112 | Temple   | Entered the Ecumenical Temple
  5236 | D:6      | Reached skill level 5 in Shields
  5278 | D:6      | Reached skill level 5 in Throwing
  5278 | D:6      | Reached skill level 5 in Armour
  5284 | D:6      | Reached XP level 9. HP: 47/75 MP: 8/8
  5739 | D:6      | Reached ** piety under Ashenzari
  5838 | D:7      | Reached skill level 7 in Axes
  6261 | D:8      | Found a white marble altar of Elyvilon.
  6435 | D:8      | Found a transporter.
  6506 | D:8      | Found a transporter.
  6515 | D:8      | Identified Asesann's Tome of Earth and Creation
  6566 | D:8      | Found a hazy altar of Hepliaklqana.
  6566 | D:8      | Found an opulent altar of Gozag.
  6607 | D:8      | Found a staircase to the Lair.
  6615 | D:8      | Found a blossoming altar of Fedhas.
  6630 | D:8      | Noticed a green ugly thing
  6641 | D:8      | Killed a green ugly thing
  7029 | D:8      | Found an iron altar of Okawaru.
  7193 | D:8      | Reached XP level 10. HP: 86/86 MP: 9/9
  7484 | D:9      | Reached skill level 8 in Axes
  7507 | D:9      | Identified the +0 scale mail of Asceticism {Fly rN++ Will-}
  8168 | D:5      | Bought a pair of warped gloves for 275 gold pieces
  8168 | D:5      | Identified the +2 pair of gloves of Zin's Favour {rElec
                  | Will- Str+4} (You bought it in a shop on level 5 of the
                  | Dungeon)
  8168 | D:5      | Bought a fizzy puce potion for 26 gold pieces
  8665 | D:10     | Entered Level 10 of the Dungeon
  8700 | D:10     | Reached *** piety under Ashenzari
  8797 | D:10     | Found a staircase to the Orcish Mines.
  8940 | D:10     | Reached skill level 9 in Axes
  9072 | D:10     | Noticed Maurice
  9077 | D:10     | Acquired the +0 cloak "Oprupnab" {rF+ Str+4}
  9086 | D:10     | Splashed by an acid dragon's acid

Illustrated notes

Levels and vault maps discovered:
D:1:      dpeg_arrival_chambers_temple_mockup, layout_basic,
          hellmonk_ecumenical_altar_run_dry
D:2:      layout_loops_ring, dk_vineyard_1, minmay_3d_cube, uniq_jessica
D:3:      layout_rooms, mainiacjoe_overflow_tiny_flanked
D:4:      layout_loops_corners, kennysheep_vampire_church, lemuel_crystal_altar,
          general_overflow_altar, nrook_campfire, kennysheep_another_room,
          uniq_pikel
D:5:      layout_loops_corners, marbit_many_paths, serial_shops,
          nicolae_shop_crystal, shop
D:6:      layout_cave_pods, minmay_temple_entry_sparse_star
D:7:      layout_rooms
D:8:      gammafunk_beogh_shrine, layout_basic, kennysheep_little_box,
          nicolae_overflow_hidden_temple, minitemple, lemuel_round_altar,
          serial_bayou_ford_a
D:9:      layout_basic
D:10:     layout_basic, kb_xom_exploding_sheep, kennysheep_mini,
          zombieorc2_lemuel, grunt_ministairs_11, uniq_maurice
Temple:   zaba_magenta_temple

Skill      XL: |  1  2  3  4  5  6  7  8  9 10 |
---------------+-------------------------------+-----
Fighting       | 3 4 5 6 7 8 |  8.6
Axes           | 4 5 6 7 9 |  9.0
Shields        | 1 2 3 4 5 6 8 |  8.0
Armour         | 1 2 3 4 5 6 7 |  7.8
Dodging        | 4 5 6 7 8 |  8.4
Throwing       | 3 4 5 6 7 |  7.2

Action                   |  1- 3 |  4- 6 |  7- 9 | 10-12 || total
-------------------------+-------+-------+-------+-------++-------
Melee: War axe           |    73 |    90 |   180 |   189 ||   532
       Headbutt          |    12 |    16 |    54 |    69 ||   151
Throw: Throwing net      |     1 |       |       |       ||     1
Invok: Curse Item        |       |     1 |     2 |     2 ||     5
  Use: Scroll            |     5 |     2 |     1 |     1 ||     9
       Potion            |       |     1 |     1 |     3 ||     5
 Stab: Invisible         |       |       |       |     4 ||     4
Armor: Scale mail        |    19 |    18 |    55 |    51 ||   143
       Skin              |       |       |     1 |       ||     1
Dodge: Dodged            |    23 |    39 |    78 |    60 ||   200
Block: Kite shield       |    48 |    80 |   172 |   164 ||   464
       Reflection        |       |     2 |     3 |     7 ||    12
